 Dungeon Crawl Stone Soup version 0.25-a0-1024-gbfbf38f2cb (webtiles) character file.

Game seed: 7771109749760355947, levelgen mode: deterministic

1367 Flugslaktarn the Chopper (level 8, -1/63 HPs)
             Began as a Mummy Fighter on May 12, 2020.
             Was an Initiate of Gozag.
             Slain by an ogre
             ... wielding a +0 giant spiked club
              (15 damage)
             ... on level 5 of the Dungeon.
             The game lasted 00:03:44 (7569 turns).

Flugslaktarn the Chopper (Mummy Fighter)            Turns: 7569, Time: 00:03:44

Health: -1/63      AC:  8    Str: 20    XL:     8   Next: 38%
Magic:  8/8        EV:  7    Int:  8    God:    Gozag
Gold:   756        SH:  9    Dex: 12    Spells: 7/7 levels left

rFire    . . .     SeeInvis .   e - +2 hand axe (venom)
rCold    . . .     Gourm    .   c - +0 kite shield
rNeg     + + +     Faith    .   b - +0 scale mail
rPois    ∞         Spirit   .   (no helmet)
rElec    .         Reflect  .   d - +0 cloak
rCorr    .         Harm     .   (no gloves)
MR       +....                  (no boots)
Stlth    ..........             (no amulet)
HPRegen  0.20/turn              p - ring of fire
MPRegen  0.11/turn              l - ring of flight

@: no status effects
A: no food or potions, fire vulnerability, cold resistance 1, negative energy
resistance 3, torment resistance, unbreathing
a: Potion Petition, Call Merchant, Bribe Branch, Renounce Religion, Evoke Flight


You were on level 5 of the Dungeon.
You worshipped Gozag.
Gozag was pleased with you.
You were not hungry.

You visited 2 branches of the dungeon, and saw 6 of its levels.
You also visited: Sewer.

You collected 804 gold pieces.
You paid 48 gold pieces to Gozag.

Inventory:

Hand Weapons
 a - a +0 war axe
 e - a +2 hand axe of venom (weapon)
   (You took it off an orc on level 4 of the Dungeon)
Armour
 b - a +0 scale mail (worn)
 c - a +0 kite shield (worn)
 d - a +0 cloak (worn)
   (You found it on level 1 of the Dungeon)
Jewellery
 h - an uncursed ring of ice
   (You found it on level 1 of the Dungeon)
 l - a ring of flight (right hand)
   (You found it on level 2 of the Dungeon)
 p - a ring of fire (left hand)
   (You found it on level 3 of the Dungeon)
Wands
 i - a wand of iceblast (8)
   (You found it on level 4 of the Dungeon)
 v - a wand of digging (5)
   (You found it on level 5 of the Dungeon)
Scrolls
 f - a scroll of fear
 g - a scroll of fog
 k - a scroll of enchant weapon
 m - 3 scrolls of enchant armour
 r - 5 scrolls of identify
 t - 4 scrolls of teleportation
 x - 3 scrolls of remove curse
 z - 2 scrolls of blinking


   Skills:
 + Level 5.5 Fighting
 * Level 5.5 Axes
 + Level 4.5 Armour
 + Level 4.5 Shields


You had 7 spell levels left.
You didn't know any spells.
Your spell library was empty.

Dungeon Overview and Level Annotations

Branches:
Dungeon (5/15)             Temple (1/1) D:4           Sewer (visited)

Altars:
Ashenzari
Dithmenos
Elyvilon
Fedhas
Gozag
Kikubaaqudgha
Makhleb
Nemelex Xobeh
Okawaru
Qazlal
Ru
Uskayaw
Wu Jian
Xom
The Shining One


Innate Abilities, Weirdness & Mutations

You do not eat or drink.
Your flesh is vulnerable to fire.
You are immune to poison.
Your flesh is cold resistant. (rC+)
You are immune to negative energy. (rN+++)
You are immune to unholy pain and torment.
You can survive without breathing.


Message History

The ice beast becomes distracted by the nearby gold, dreaming of imaginary riches.
You barely miss the ice beast.
The ice beast is no longer distracted by gold.
The ice beast is moderately wounded.
You hit the ogre.
The ogre looks as sick as possible!
You block the ogre's attack. The ice beast hits you. The ice beast freezes you!
You slash the ogre!
The ogre is severely wounded.
You hit the ice beast.
The ice beast looks as sick as possible!
The ice beast hits you but does no damage.
The ogre hits you with a +0 giant spiked club!
* * * LOW HITPOINT WARNING * * *
You are too injured to fight recklessly!
You hit the ice beast.
The ice beast is severely wounded.
You hit the ogre. The ice beast barely misses you.
The ogre hits you with a +0 giant spiked club!
You die...
Your body crumbles into a pile of gold.

#.##......###...≈....# .....
...............≈...## ...#
#..........##.≈...## #..#
#..........###≈#..#
#.<#####..........###≈#.##
#..........>........#≈#.#
###.##...##.#...........#####
#.)...........OY$........## $
##...##.#.@.......#..#####
##....##.#.........##.....#
#...#.##.#.........######.#
######.#.#.#..#..##.#####
##.# .......#.#......###..#
#..# ...#####.#......# #..#
#.## ##....##.#.....## #..#
#.# ####..........# ##O##
####.# ####.#.....#
#..####....#


You could see an ice beast (extremely poisoned) and an ogre (very poisoned).

Vanquished Creatures
  A sky beast (D:4)
  2 ogres (D:5)
  A centaur (D:4)
  A big kobold (Sewer)
  A howler monkey (D:5)
  A centaur zombie (D:4)
  4 hounds
  5 orc priests
  5 orc wizards (D:4)
  An iguana (D:4)
  6 worker ants
  A hound skeleton (D:4)
  A howler monkey skeleton (D:5)
  5 adders
  5 river rats (Sewer)
  2 oozes (D:1)
  2 adder skeletons (D:4)
  8 worms
  A dart slug (D:1)
  3 leopard geckos (D:3)
  20 orcs
  9 bats
  7 giant cockroaches
  7 hobgoblins
  26 kobolds
  A quokka (D:4)
  6 ball pythons (Sewer)
  10 frilled lizards
  15 goblins
  28 rats
185 creatures vanquished.

Notes
Turn   | Place    | Note
-------+----------+-------------------------------------------
     0 | D:1      | Flugslaktarn the Mummy Fighter began the quest for the Orb.
     0 | D:1      | Reached XP level 1. HP: 18/18 MP: 1/1
   108 | D:1      | Reached XP level 2. HP: 24/24 MP: 2/2
   693 | D:1      | Reached XP level 3. HP: 29/29 MP: 3/3
  1639 | D:2      | Reached XP level 4. HP: 30/35 MP: 4/4
  3123 | D:3      | Reached XP level 5. HP: 42/42 MP: 5/5
  3813 | D:4      | Reached XP level 6. HP: 40/48 MP: 6/6
  4045 | D:4      | Found a staircase to the Ecumenical Temple.
  4118 | Temple   | Entered the Ecumenical Temple
  4123 | Temple   | Became a worshipper of Gozag Ym Sagoz the Greedy
  4611 | D:4      | Reached XP level 7. HP: 43/55 MP: 7/7
  5115 | D:5      | Entered Level 5 of the Dungeon
  5131 | D:5      | Found a glowing drain.
  5165 | Sewer    | Entered a sewer
  6078 | D:5      | Found a blossoming altar of Fedhas.
  6339 | D:4      | Reached skill level 5 in Fighting
  6346 | D:4      | Reached skill level 5 in Axes
  6346 | D:4      | Reached XP level 8. HP: 15/62 MP: 8/8
  7569 | D:5      | Slain by an ogre

Illustrated notes

Levels and vault maps discovered:
D:1:      matt_arrival_los_fun, layout_loops_ring
D:2:      layout_basic, first_ration, minmay_misc_feat_secret_circle
D:3:      minmay_spotlight, layout_loops_corners
D:4:      minmay_general_purpose_star, layout_loops_ring,
          minmay_temple_entry_glassed_door
D:5:      layout_rooms, cheibrodos_sewer_entry_bend,
          chequers_serial_rivers_micro_b, fedhas_bush_and_centaur_altar
Temple:   dpeg_three_leaves_temple

Skill      XL: |  1  2  3  4  5  6  7 |
---------------+----------------------+-----
Axes           | 2 3 4 5 |  5.5
Armour         | 3 4 |  4.5
Shields        | 3 4 |  4.5
Fighting       | 4 5 |  5.5

Action                   |  1- 3 |  4- 6 |  7- 9 || total
-------------------------+-------+-------+-------++-------
Melee: War axe           |   139 |   158 |       ||   297
       Hand axe          |       |    57 |   232 ||   289
Invok: Potion Petition   |       |       |     1 ||     1
  Use: Scroll            |       |     7 |     1 ||     8
Armor: Scale mail        |    81 |   102 |   100 ||   283
Dodge: Dodged            |    49 |    69 |    72 ||   190
Block: Kite shield       |    72 |   122 |   130 ||   324

Table legend:
 A = Non-vault XP
 B = Vault XP
 C = Vault XP percentage of total XP
 D = Non-vault monster count
 E = Vault monster count
 F = Vault count percentage of total count
                 A         B        C        D         E       F
            +---------+---------+-------+---------+---------+-------
      Total |    1594 |     360 |  18.4 |     128 |      57 |  30.8
            +---------+---------+-------+---------+---------+-------
        D:1 |      63 |       0 |   0.0 |      30 |       0 |   0.0
        D:2 |      51 |       0 |   0.0 |      23 |       0 |   0.0
        D:3 |      84 |      13 |  13.4 |      21 |       5 |  19.2
        D:4 |     838 |     112 |  11.8 |      36 |       1 |   2.7
        D:5 |     558 |      15 |   2.6 |      18 |       3 |  14.3
      Sewer |       0 |     220 | 100.0 |       0 |      48 | 100.0
            +---------+---------+-------+---------+---------+-------
